 Dungeon Crawl Stone Soup version 0.30.0-29-ga12c61a403 (webtiles) character file.

Game seed: 13519391602684019111

77 qw the Chopper (level 4, -1/28 HPs)
             Began as a Gargoyle Fighter on June 2, 2023.
             Killed by divine providence
             ... invoked by an orc priest
              (8 damage)
             ... on level 2 of the Dungeon.
             The game lasted 00:00:50 (1601 turns).

qw the Chopper (Gargoyle Fighter)                   Turns: 1601, Time: 00:00:51

Health: -1/28      AC: 12    Str: 21    XL:     4   Next: 33%
Magic:  4/4        EV:  4    Int:  9    God:
Gold:   93         SH:  4    Dex:  9    Spells: 3/3 levels left

rFire   . . .        Y - +0 war axe
rCold   . . .        c - +0 buckler
rNeg    + . .        e - +0 chain mail
rPois   inf          (no helmet)
rElec   +            (no cloak)
rCorr   .            (no gloves)
SInv    .            (no boots)
Will    .....        (no amulet) Stlth
                     (no ring)
HPRegen 0.24/turn    (no ring)
MPRegen 0.09/turn

%: no passive effects
@: constricted
A: sickness immunity, AC +3, negative energy resistance 1, electricity
resistance, torment resistance 1, petrification resistance
a: no special abilities


You were on level 2 of the Dungeon.
You visited 1 branch of the dungeon, and saw 2 of its levels.

You collected 93 gold pieces.


Innate Abilities, Weirdness & Mutations

You are immune to sickness and miasma.
Your stone body is resilient. (AC +3)
You are immune to poison.
You resist negative energy. (rN+)
You are resistant to electric shocks. (rElec)
You are resistant to unholy torment.
You are immune to petrification.


   Skills:
 - Level 3.2 Fighting
 + Level 4.0 Axes
 - Level 3.2 Armour
 - Level 3.2 Shields


You had 3 spell levels left.
You didn't know any spells.
Your spell library was empty.

Inventory:

Hand Weapons
 i - a +0 flail
 Y - a +0 war axe (weapon)
Missiles
 f - 6 boomerangs (quivered)
Armour
 c - a +0 buckler (worn)
 e - a +0 chain mail (worn)
Jewellery
 a - an amulet of faith
Scrolls
 b - 3 scrolls of vulnerability {unknown}
 j - a scroll of enchant armour {unknown}
Potions
 d - a potion of might
 g - a potion of degeneration {unknown}
 h - a potion of curing {unknown}
 k - a potion of cancellation {unknown}

Dungeon Overview and Level Annotations

Branches:
Dungeon (2/15)

Altars:


Message History

Enter note:
Enter note:
Enter note:
Enter note:
Enter note:
Enter note:
Enter note:
Enter note:
Enter note: The orc priest calls down the wrath of Beogh upon you.
Beogh smites you!
The orc priest hits you but does no damage.
Enter note:
Enter note:
Enter note:
Enter note:
Enter note:
Enter note:
Enter note:
Enter note:
Enter note: You hit the orc priest but do no damage.
You hit the orc. The orc barely misses you.
The orc priest calls upon Beogh to heal the orc.
The orc's wounds heal themselves!
You block the ball python's attack. The ball python grabs you.
The ball python constricts you.
You barely miss the ball python. You completely miss the orc priest.
You hit the orc.
The orc priest looks braver for a moment.
The ball python barely misses you. The ball python constricts you.
You hit the ball python.
The ball python is heavily wounded.
You closely miss the orc. You slash the orc priest!
The orc priest looks satisfied for a moment.
The ball python bites you but does no damage.
The ball python constricts you.
The orc priest mumbles some strange prayers to Beogh against you.
Beogh smites you!
You die...

#### #... ######## ##.#.
#......# ####....
#......####.......
#.........#.#.....
###.#####'#'#.#.#.#.....
#....oo@..#.#.....#.....
#.#.##oS###.###.###.....
...o.........###.....
....#.#.###............
#........# #............
#.##.#.#................
# ...(...#.............
#.....#<..........###.
............+...


You could see 2 orc priests, 2 orcs and a ball python.

Vanquished Creatures
  A gnoll (D:1)
  2 adders (D:2)
  A worm (D:2)
  A ball python (D:1)
  4 bats
  5 endoplasms
  6 goblins
  6 hobgoblins
  4 jackals (D:1)
  3 kobolds
  3 frilled lizards
  7 rats
43 creatures vanquished.

Notes
Turn   | Place    | Note
-------+----------+-------------------------------------------
     0 | D:1      | qw the Gargoyle Fighter began the quest for the Orb.
     0 | D:1      | Reached XP level 1. HP: 14/14 MP: 1/1
     0 | D:1      | 0 ||| qw: Version: 0.2-a-102-gdf20003
     0 | D:1      | 0 ||| qw: Game counter: 929
     0 | D:1      | 0 ||| qw: Always use a shield: true
     0 | D:1      | 0 ||| qw: God list: Okawaru
     0 | D:1      | 0 ||| qw: Allow faded altars: false
     0 | D:1      | 0 ||| qw: Do Orc after D:15 true
     0 | D:1      | 0 ||| qw: Do second Lair branch before Depths: true
     0 | D:1      | 0 ||| qw: Lair rune preference: random
     0 | D:1      | 0 ||| qw: Plans: Normal, Zot:1-4, Slime:5, God:TSO, Crypt,
                  | Tomb, Pan, Hells, Abyss, Win
     0 | D:1      | 0 ||| PLANNING D:1-11
    32 | D:1      | 32 ||| Stepping ~*~*~tactically~*~*~ (stealth).
    36 | D:1      | 36 ||| Stepping ~*~*~tactically~*~*~ (stealth).
    43 | D:1      | Reached skill level 2 in Axes
   138 | D:1      | Reached XP level 2. HP: 19/19 MP: 2/2
   278 | D:1      | Reached skill level 3 in Axes
   322 | D:1      | Reached XP level 3. HP: 23/23 MP: 3/3
   859 | D:1      | 859 ||| UPGRADING to +0 chain mail.
   869 | D:1      | 869 ||| DROPPING +0 scale mail.
   870 | D:1      | 870 ||| READING scroll labelled MYS FY MOYWI.
   907 | D:2      | 907 ||| STAIRDANCE
   992 | D:2      | 992 ||| DROPPING +0 whip.
  1033 | D:2      | 1033 ||| Stepping ~*~*~tactically~*~*~ (hiding).
  1322 | D:2      | 1322 ||| Stepping ~*~*~tactically~*~*~ (stealth).
  1327 | D:2      | Reached XP level 4. HP: 28/28 MP: 4/4
  1387 | D:2      | Reached skill level 4 in Axes
  1521 | D:2      | 1521 ||| FLEEEEING.
  1522 | D:2      | 1522 ||| FLEEEEING.
  1523 | D:2      | 1523 ||| FLEEEEING.
  1528 | D:2      | 1528 ||| FLEEEEING.
  1529 | D:2      | 1529 ||| FLEEEEING.
  1530 | D:2      | 1530 ||| FLEEEEING.
  1531 | D:2      | 1531 ||| FLEEEEING.
  1533 | D:2      | 1533 ||| FLEEEEING.
  1598 | D:2      | HP: 6/28 [orc priest/divine providence (12)]
  1601 | D:2      | Killed from afar by an orc priest

Levels and vault maps discovered:
D:1:      amcnicky_arrival_blooded_trapdoor, layout_basic
D:2:      layout_basic, glass_columns_a, dk_noncrumbling_4

Skill      XL: |  1  2  3  4 |
---------------+-------------+-----
Axes           | 2 3 4 |  4.0
Fighting       | |  3.2
Armour         | |  3.2
Shields        | |  3.2

Action                     |  1- 3 |  4- 6 || total
---------------------------+-------+-------++-------
  Melee: War axe           |    99 |    29 ||   128
  Throw: Boomerang         |    10 |     9 ||    19
    Use: Scroll            |     1 |       ||     1
 Armour: Scale mail        |    22 |       ||    22
         Chain mail        |    24 |    14 ||    38
  Dodge: Dodged            |    42 |     9 ||    51
  Block: Buckler           |    19 |     4 ||    23

Table legend:
 A = Non-vault XP
 B = Vault XP
 C = Vault XP percentage of total XP
 D = Non-vault monster count
 E = Vault monster count
 F = Vault count percentage of total count
                 A         B        C        D         E       F
            +---------+---------+-------+---------+---------+-------
      Total |     110 |       0 |   0.0 |      43 |       0 |   0.0
            +---------+---------+-------+---------+---------+-------
        D:1 |      52 |       0 |   0.0 |      24 |       0 |   0.0
        D:2 |      58 |       0 |   0.0 |      19 |       0 |   0.0
            +---------+---------+-------+---------+---------+-------
